 Dungeon Crawl Stone Soup version 0.30.1-4-g462c640d31 (webtiles) character file.

Game seed: 13150928319706520607

182 MrPagan1517 the Slasher (level 5, -2/47 HPs)
             Began as a Draconian Cinder Acolyte on Aug 21, 2023.
             Was a High Priest of Ignis.
             Slain by a hobgoblin
             ... wielding a +0 club
              (7 damage)
             ... on level 3 of the Dungeon.
             The game lasted 00:11:52 (3421 turns).

MrPagan1517 the Slasher (Draconian Cinder Acolyte)  Turns: 3421, Time: 00:11:52

Health: -2/47      AC:  5    Str: 18    XL:     5   Next: 34%
Magic:  6/6        EV: 11    Int: 15    God:    Ignis [*****.]
Gold:   156        SH:  0    Dex:  6    Spells: 4/6 levels left

rFire   . . .        a - -1 falchion (spect)
rCold   + . .        (no shield)
rNeg    . . .        (body armour unavailable)
rPois   .            (helmet restricted)
rElec   .            (no cloak)
rCorr   .            (no gloves)
SInv    .            (no boots)
Will    .....        (no amulet)
Stlth   +            e - ring of ice
HPRegen 0.27/turn    (no ring)
MPRegen 0.10/turn

%: no passive effects
@: no status effects
A: AC +5, unfitting armour, cold-blooded
a: Renounce Religion, Fiery Armour, Foxfire Swarm, Rising Flame


You were on level 3 of the Dungeon.
You worshipped Ignis.
Ignis was extremely pleased with you.
You visited 1 branch of the dungeon, and saw 3 of its levels.

You collected 156 gold pieces.

Inventory:

Hand Weapons
 a - a -1 spectral falchion (weapon)
Missiles
 b - 2 throwing nets (quivered)
Jewellery
 c - a ring of resist corrosion
 e - a ring of ice (left hand)
Scrolls
 g - a scroll of identify
 h - a scroll of fog
 i - a scroll of brand weapon
 k - a scroll of immolation {unknown}
 l - a scroll of teleportation
Potions
 d - a potion of flight
 f - a potion of lignification
 j - a potion of ambrosia {unknown}
 m - a potion of curing {unknown}
 n - a potion of haste {unknown}
 o - a potion of mutation {unknown}
 p - a potion of heal wounds {unknown}


   Skills:
 + Level 4.3 Fighting
 + Level 4.5 Long Blades
 + Level 1.5 Dodging
 + Level 1.0 Stealth
 + Level 1.2 Spellcasting
 + Level 3.3 Fire Magic


You had 4 spell levels left.
You knew the following spells:

 Your Spells              Type           Power      Damage    Failure   Level
a - Scorch                Fire           20%        2d5       10%         2

Your spell library contained the following spells:

 Spells                   Type           Power      Damage    Failure   Level
 Ensorcelled Hibernation  Hex/Ice        2%         N/A       36%         2
 Passwall                 Tmut/Erth      0%         N/A       36%         2
 Swiftness                Air            0%         N/A       58%         3


Dungeon Overview and Level Annotations

Branches:
Dungeon (3/15)

Altars:
Yredelemnul

Shops:
D:3 [


Innate Abilities, Weirdness & Mutations

Your plain brown scales are hard. (AC +5)
You cannot fit into any form of body armour.
You are cold-blooded and may be slowed by cold attacks.


Message History

The hobgoblin is almost dead.
The hobgoblin hits you with a +0 club. The hobgoblin barely misses you.
You barely miss the hobgoblin.
Your tail-slap misses the hobgoblin.
The hobgoblin is almost dead.
The hobgoblin closely misses you. x2; The hobgoblin barely misses you.
The hobgoblin hits you with a +0 club.
You closely miss the hobgoblin.
The hobgoblin is almost dead.
The hobgoblin hits you but does no damage.
The hobgoblin hits you with a +0 club.
You hit the hobgoblin but do no damage.
The hobgoblin is almost dead.
The hobgoblin hits you with a +0 club.
* * * LOW HITPOINT WARNING * * *
The hobgoblin barely misses you.
You barely miss the hobgoblin.
Your tail-slap misses the hobgoblin.
The hobgoblin is almost dead.
The hobgoblin hits you with a +0 club.
* * * LOW HITPOINT WARNING * * *
The hobgoblin hits you with a +0 club.
* * * LOW HITPOINT WARNING * * *
You hit the hobgoblin.
You kill the hobgoblin!
The hobgoblin closely misses you.
You barely miss the goblin.
The hobgoblin hits you but does no damage.
The goblin hits you with a +0 club.
* * * LOW HITPOINT WARNING * * *
You barely miss the goblin.
Your tail-slap misses the goblin.
The hobgoblin closely misses you. The goblin hits you but does no damage.
You hit the goblin.
You kill the goblin!
The hobgoblin hits you with a +0 club.
* * * LOW HITPOINT WARNING * * *
The hobgoblin hits you with a +0 club.
* * * LOW HITPOINT WARNING * * *
There is an open door, spattered with blood here.
Items here: ))) †.
The hobgoblin attacks as you move away! The hobgoblin hits you with a +0 club!
You die...

.........................
.........................
~.~...~....~~~~~~.~~...~.
~~~~≈≈~~~~~~≈~~≈~≈~~~~~~~
≈≈≈≈≈≈≈≈≈≈≈≈~≈≈≈≈≈≈≈≈≈~≈≈
≈≈≈≈≈≈≈≈≈≈≈≈≈≈#####≈≈≈≈≈≈
###############...#≈≈≈≈≈≈
..............#...# ≈≈≈
..............#.@.#
...........)).##g##
...########......# ...#
#.)....#
...########......#
..............##)##
..............#).)#
..............#)(.#
###############...#


You could see a hobgoblin.

Vanquished Creatures
  5 gnolls (D:3)
  3 adders
  4 worms
  A dart slug (D:3)
  An orc (D:3)
  10 ball pythons
  5 endoplasms
  A giant cockroach (D:2)
  21 hobgoblins
  3 quokkas
  4 bats
  4 frilled lizards
  12 goblins
  5 kobolds
  9 rats
88 creatures vanquished.

Notes
Turn   | Place    | Note
-------+----------+-------------------------------------------
     0 | D:1      | MrPagan1517 the Draconian Cinder Acolyte began the quest
                  | for the Orb.
     0 | D:1      | Reached XP level 1. HP: 19/19 MP: 2/2
   175 | D:1      | Reached XP level 2. HP: 9/26 MP: 3/3
   952 | D:2      | Found a basalt altar of Yredelemnul.
  1046 | D:2      | Reached XP level 3. HP: 23/33 MP: 4/4
  1291 | D:2      | Learned a level 2 spell: Scorch
  1404 | D:2      | Found a faded altar of an unknown god.
  1884 | D:2      | Reached XP level 4. HP: 36/40 MP: 5/5
  2400 | D:3      | Reached skill level 1 in Dodging
  2689 | D:3      | Found Vemuroa's Armour Shoppe.
  3025 | D:3      | Reached XP level 5. HP: 29/46 MP: 6/6
  3269 | D:3      | Reached skill level 1 in Stealth
  3421 | D:3      | Slain by a hobgoblin

Illustrated notes

Levels and vault maps discovered:
D:1:      dpeg_arrival_rooms_c, layout_basic
D:2:      minmay_angry_zag, layout_basic, basic_altar,
          hellmonk_ecumenical_altar_run_dry
D:3:      minmay_goblin_kobold_castle, layout_loops_ring, serial_shops,
          nicolae_shop_advertising_works [nicolae_subvault_shop_adworks],
          minmay_fractal_squares_diagonal_5

Skill      XL: |  1  2  3  4  5 |
---------------+----------------+-----
Fighting       | 4 |  4.3
Long Blades    | 4 |  4.5
Dodging        | 1 |  1.5
Stealth        | 1 |  1.0
Spellcasting   | |  1.2
Fire Magic     | |  3.3

Action                     |  1- 3 |  4- 6 || total
---------------------------+-------+-------++-------
  Melee: Falchion          |   155 |   154 ||   309
         Tailslap          |    20 |    19 ||    39
         Punch             |     1 |     1 ||     2
   Cast: Scorch            |     1 |     5 ||     6
    Use: Scroll            |     3 |     5 ||     8
   Stab: Distracted        |       |     1 ||     1
 Armour: Skin              |    45 |    43 ||    88
  Dodge: Dodged            |   100 |   118 ||   218
